 Dungeon Crawl Stone Soup version 0.30-a0-782-ge64f9170bb (console) character file.

Game seed: 3485590466655881349

124 utis the Ducker (level 5, -5/32 HPs)
             Began as a Tengu Wanderer on Mar 10, 2023.
             Slain by Natasha (7 damage)
             ... on level 2 of the Dungeon.
             The game lasted 00:03:50 (1466 turns).

utis the Ducker (Tengu Wanderer)                    Turns: 1466, Time: 00:03:51

Health: -5/32      AC:  6    Str: 12    XL:     5   Next: 8%
Magic:  9/9        EV: 15    Int: 12    God:
Gold:   26         SH:  0    Dex: 22    Spells: 8/8 levels left

rFire   . . .      SeeInvis .    a - +0 dagger (elec)
rCold   . . .      Faith    .    (no shield)
rNeg    . . .      Spirit   .    n - +0 ring mail
rPois   .          Reflect  .    c - +0 hat
rElec   .          Harm     .    (no cloak)
rCorr   .          Rampage  .    p - +0 pair of gloves
Will    .....                    (boots unavailable)
Stlth   +                        (no amulet)
HPRegen 0.25/turn                X - +6 ring of dexterity
MPRegen 0.11/turn                (no ring)

@: flying quickly and evasively, slowed, very slow
A: beak, talons 3, nimble flight
a: no special abilities


You were on level 2 of the Dungeon.
You visited 1 branch of the dungeon, and saw 2 of its levels.

You collected 26 gold pieces.

Inventory:

Hand Weapons
 a - a +0 dagger of electrocution (weapon)
 b - a +0 shortbow
Missiles
 h - 20 stones
 k - 5 poisoned darts
Armour
 c - a +0 hat (worn)
 e - a +0 robe
 n - a +0 ring mail (worn)
 p - a +0 pair of gloves (worn)
Jewellery
 X - a +6 ring of dexterity (left hand)
Scrolls
 d - a scroll of teleportation {@r4}
 l - 2 scrolls of identify {unknown}
 q - a scroll of enchant armour {unknown}
 r - a scroll of noise {unknown}
 s - a scroll of poison {unknown}
Potions
 f - a potion of resistance {unknown}
 g - a potion of might {unknown}
 i - 4 potions of attraction
 j - a potion of magic {unknown}
 m - 2 potions of cancellation {unknown}
 o - a potion of curing {unknown}


   Skills:
 + Level 3.5 Fighting
 - Level 2.0 Short Blades
 - Level 2.1 Ranged Weapons
 + Level 4.6 Dodging
 - Level 1.1 Unarmed Combat
 - Level 2.0 Spellcasting


You had 8 spell levels left.
You didn't know any spells.
Your spell library was empty.

Dungeon Overview and Level Annotations

Branches:
Dungeon (2/15)

Altars:
Trog

Annotations:
D:2 Natasha


Innate Abilities, Weirdness & Mutations

You have a beak for a mouth.
You have claws for feet.
Your magical nature lets you fly swiftly and evasively.


Message History

The magic dart hits you.
* * * LOW HITPOINT WARNING * * *
Okay, then.
Natasha mumbles some strange words.
The crimson imp attacks as you move away!
The crimson imp barely misses you.
Natasha mumbles some strange words.
The crimson imp closely misses you.
The crimson imp attacks as you move away!
The crimson imp closely misses you.
Natasha growls.
Natasha casts a spell.
The white imp gestures at you. The puff of frost hits you.
* * * LOW HITPOINT WARNING * * *
The crimson imp hits you but does no damage.
The crimson imp attacks as you move away!
The crimson imp hits you.
* * * LOW HITPOINT WARNING * * *
A jackal comes into view.
The jackal barks!
You hear a bark!
The jackal barely misses you.
The crimson imp blinks!
You hit the jackal but do no damage. You claw the jackal, but do no damage.
The jackal misses you. The jackal closely misses you. Natasha misses you.
You hit the jackal.
The jackal is heavily wounded.
The jackal bites you but does no damage.
The white imp closely misses you.
The crimson imp blinks!
Natasha closely misses you. The jackal bites you.
* * * LOW HITPOINT WARNING * * *
You closely miss the jackal.
The jackal is heavily wounded.
The white imp disappears in a puff of smoke!
The jackal barely misses you.
The crimson imp blinks!
Natasha closely misses you. The jackal misses you.
You hit the jackal. You claw the jackal.
You kill the jackal!
Natasha mumbles some strange words.
Natasha claws you!
You die...

░<░ ░.......░░░...░░)░
░.░ ░.....░░░░.░░░.░)░░
░.░ ░.░.░.░ ░..░ ░..)).
░.░ ░.░.░.░ ░..░░░.).░░
░.░ ░.░.░.░░░.░...░..░
░.░░░░§░.░5...░.......░░
░..........░...░░░░░░.░.
░░░░░░.5h......░ ░.░.
░░Q░░░░...░░░░░░.░. ░.░
░░........... ░.░
░..░░░░░░.░. ░.░ ░..░
░.... ░.░ ░..░ ░..░. <..
..>. ░..░. ░░░ ░░..░░
....░. ░..░ .......
░.░.........


You could see an iron imp (summoned), Natasha and a white imp (summoned).

Vanquished Creatures
  Natasha (twice) (D:2)
  Robin (D:2)
  An adder (D:2)
  A worm (D:2)
  2 dart slugs (D:1)
  3 orcs (D:2)
  2 endoplasms (D:2)
  A giant cockroach (D:2)
  11 goblins
  5 hobgoblins
  5 jackals
  A quokka (D:2)
  2 ball pythons
  3 bats (D:1)
  A frilled lizard (D:1)
  A kobold (D:1)
  A rat (D:1)
43 creatures vanquished.

Notes
Turn   | Place    | Note
-------+----------+-------------------------------------------
     0 | D:1      | utis the Tengu Wanderer began the quest for the Orb.
     0 | D:1      | utis set off with the following items: a +0 shortbow, a
                  | potion of attraction, a +0 hat, a scroll of teleportation
                  | {@r4}, a +0 robe.
     0 | D:1      | Reached XP level 1. HP: 12/12 MP: 4/4
   125 | D:1      | Reached XP level 2. HP: 17/17 MP: 6/6
   499 | D:1      | Reached skill level 1 in Short Blades
   859 | D:2      | Reached XP level 3. HP: 22/22 MP: 7/7
   950 | D:2      | Found a bloodstained altar of Trog.
  1031 | D:2      | Noticed Robin
  1063 | D:2      | Reached skill level 4 in Dodging
  1077 | D:2      | Killed Robin
  1078 | D:2      | Reached XP level 4. HP: 23/28 MP: 8/8
  1245 | D:2      | Noticed Natasha
  1269 | D:2      | Killed Natasha
  1417 | D:2      | Noticed Natasha
  1431 | D:2      | Killed Natasha
  1432 | D:2      | Gained mutation: Your magical nature lets you fly swiftly
                  | and evasively. [Tengu growth]
  1432 | D:2      | Reached XP level 5. HP: 9/32 MP: 9/9
  1442 | D:2      | Noticed Natasha
  1464 | D:2      | HP: 1/32 [jackal (2)]
  1466 | D:2      | Slain by Natasha

Illustrated notes

Levels and vault maps discovered:
D:1:      zaba_arrival_water, layout_loops_corners,
          chequers_serial_rivers_micro_b
D:2:      layout_loops_ring, basic_altar, chequers_serial_rivers_room_a,
          uniq_robin, uniq_natasha

Skill      XL: |  1  2  3  4 |
---------------+-------------+-----
Short Blades   | 1 2 |  2.0
Dodging        | 4 |  4.6
Fighting       | 3 |  3.5
Ranged Weapons | |  2.1
Unarmed Combat | |  1.1
Spellcasting   | |  2.0

Action                     |  1- 3 |  4- 6 || total
---------------------------+-------+-------++-------
  Melee: Dagger            |    29 |    20 ||    49
         Kick              |     9 |     4 ||    13
         Peck              |     4 |     1 ||     5
   Fire: Shortbow          |    29 |    19 ||    48
 Armour: Ring mail         |    10 |    10 ||    20
  Dodge: Dodged            |    17 |    17 ||    34

Table legend: (Time is in decaauts)
 A = Elapsed time spent in this place.
 B = Non-inter-level travel time spent in this place.
 C = Inter-level travel time spent in this place.
 D = Time resting spent in this place.
 E = Time spent auto-exploring this place.
 F = Levels seen in this place.
 G = Mean time per level.
                   A        B        C        D        E       F      G
               +--------+--------+--------+--------+--------+-----+--------+
         Total |   1497 |   1457 |     40 |     56 |   1057 |   2 |  748.5 |
       Dungeon |   1497 |   1457 |     40 |     56 |   1057 |   2 |  748.5 |
               +--------+--------+--------+--------+--------+-----+--------+

Top non-repeatable levels by time:
     D:1: 828 daAuts
     D:2: 669 daAuts
